 Dungeon Crawl Stone Soup version 0.21.1-1-g345015f (webtiles) character file.

30457 Kairos the Cleaver (level 13, -3/103 HPs)
             Began as a Formicid Fighter on Apr 7, 2018.
             Was the Champion of Okawaru.
             Slain by a nine-headed hydra (6 damage)
             ... on level 4 of the Lair of Beasts.
             The game lasted 00:43:22 (14566 turns).

Kairos the Cleaver (Formicid Fighter)              Turns: 14566, Time: 00:43:23

Health: -3/103     AC: 16    Str: 22    XL:     13   Next: 88%
Magic:  6/6        EV:  2    Int: 12    God:    Okawaru [******]
Gold:   1223       SH:  0    Dex: 23    Spells: 12/12 levels left

rFire    x . .     SeeInvis +   q - +8 Wrath of Trog {antimagic, *Rage}
rCold    + + .     Gourm    .   c - +0 shield
rNeg     + + +     Faith    .   D - +0 scale mail {rC+}
rPois    ∞         Spirit   .   (helmet unavailable)
rElec    +         Reflect  +   r - +0 cloak
rCorr    +         Harm     .   X - +1 pair of gloves of Puofil {rF- rCorr Dex+9}
MR       +....                  v - +1 pair of boots of Kindness {rElec rC+ Regen+ Int+4}
Stlth    ++++......             l - +5 amulet of reflection
HPRegen  0.67/turn              i - ring of positive energy
MPRegen  0.10/turn              P - ring of stealth

@: petrified, heroism
A: permanent stasis, dig shafts and tunnels, four strong arms, antennae 3
a: Dig, Shaft Self, Heroism, Finesse, Renounce Religion


You were on level 4 of the Lair of Beasts.
You worshipped Okawaru.
Okawaru was exalted by your worship.
You were not hungry.

You visited 3 branches of the dungeon, and saw 16 of its levels.
You also visited: Labyrinth and Ossuary.

You collected 1223 gold pieces.

Inventory:

Hand Weapons
 q - the +8 Wrath of Trog (weapon) {antimagic, *Rage}
   (You acquired it on level 7 of the Dungeon)

   It reduces the magical energy of the wielder, and disrupts the spells and
   magical abilities of those hit.
   Natural abilities and divine invocations are not affected.
   It may make you go berserk in combat.
 H - a +2 bardiche of venom
 K - a +2 halberd of chopping
 L - a +4 quarterstaff of chaos
Missiles
 e - 12 tomahawks (quivered)
Armour
 b - a +0 scale mail
 c - a +0 shield (worn)
 r - a +0 cloak (worn)
 v - the +1 pair of boots of Kindness (worn) {rElec rC+ Regen+ Int+4}
   (You acquired it on level 7 of the Dungeon)

   It affects your intelligence (+4).
   It protects you from cold.
   It insulates you from electricity.
   It increases your rate of regeneration.
 D - a +0 scale mail of cold resistance (worn)
 R - a +2 pair of gloves of dexterity
 X - the +1 pair of gloves of Puofil (worn) {rF- rCorr Dex+9}
   (Okawaru gifted it to you on level 2 of the Lair of Beasts)

   It affects your dexterity (+9).
   It makes you vulnerable to fire.
   It protects you from acid and corrosion.
Jewellery
 i - a ring of positive energy (left hand)
 l - a +5 amulet of reflection (around neck)
 B - an uncursed ring of positive energy
 E - an uncursed ring of fire
 P - a ring of stealth (right hand)
Wands
 j - a wand of scattershot (4)
 o - a wand of random effects (26)
 y - a wand of flame (14)
 C - a wand of disintegration (17)
 F - a wand of paralysis (14)
 G - a wand of polymorph (8)
 M - a wand of acid (14)
Scrolls
 a - 3 scrolls of enchant armour
 g - 2 scrolls of fog
 k - a scroll of fear {unknown}
 p - 8 scrolls of remove curse
 w - 2 scrolls of identify
 x - a scroll of random uselessness {unknown}
 N - 3 scrolls of magic mapping
 T - a scroll of noise {unknown}
 V - 2 scrolls of vulnerability {unknown}
Potions
 d - a potion of might
 h - 6 potions of curing
 m - a potion of resistance {unknown}
 n - 2 potions of cancellation
 s - a potion of magic {unknown}
 t - 5 potions of heal wounds
 u - a potion of flight {unknown}
 z - a potion of brilliance {unknown}
 A - a potion of agility {unknown}
 I - 2 potions of lignification
 Y - a potion of berserk rage {unknown}
Comestibles
 f - 41 rations
 J - a chunk of flesh


   Skills:
 + Level 10.2(15.2) Fighting
 + Level 14.2(19.2) Axes
 + Level 0.2(14.5) Polearms
 + Level 1.8(6.8) Staves
 + Level 8.5(13.5) Armour
 + Level 4.3(9.3) Dodging
 + Level 2.9(7.9) Stealth
 + Level 11.2(16.2) Shields
 + Level 9.3 Invocations
 + Level 1.5 Evocations


You had 12 spell levels left.
You didn't know any spells.

Dungeon Overview and Level Annotations

Branches:
Dungeon (11/15)            Temple (1/1) D:4            Lair (4/6) D:11
  Swamp (0/4) Lair:3       Spider (0/4) Lair:2          Orc (0/2) D:10

Altars:
Ashenzari
Cheibriados
Dithmenos
Elyvilon
Fedhas
Gozag
Hepliaklqana
Kikubaaqudgha
Makhleb
Nemelex Xobeh
Okawaru
Qazlal
Ru
Sif Muna
Trog
Uskayaw
Vehumet
Wu Jian
Xom
Yredelemnul
Zin
The Shining One
Lugonu

Shops:
D:9 }


Innate Abilities, Weirdness & Mutations

You cannot be hasted, slowed, berserked, paralysed or teleported.
You can dig through walls and to a lower floor.
Your four strong arms can wield two-handed weapons with a shield.
You have a pair of large antennae on your head. (SInv)


Message History

* * * LOW HITPOINT WARNING * * *
The nine-headed hydra bites you.
* * * LOW HITPOINT WARNING * * *
The nine-headed hydra bites you but does no damage.
The nine-headed hydra bites you.
* * * LOW HITPOINT WARNING * * *
The nine-headed hydra bites you but does no damage. x3
The nine-headed hydra bites you!
* * * LOW HITPOINT WARNING * * *
The basilisk bites you.
* * * LOW HITPOINT WARNING * * *
The nine-headed hydra bites you but does no damage. x2
The nine-headed hydra bites you!
* * * LOW HITPOINT WARNING * * *
The nine-headed hydra bites you but does no damage.
The nine-headed hydra bites you.
* * * LOW HITPOINT WARNING * * *
The nine-headed hydra bites you but does no damage. x2
The nine-headed hydra bites you!
You die...

#...........†.....# #...##
..................#####...
..........................
##...................
#.................... .
##...................
##.............!.....
#....................
##.....@D............
........l.............#
......................#
......(#.#P...####....#
###.... ##...## #..# ##...
...# #..# ....
...######..## ##P..
.#.P...P..## .......<...


You could see a nine-headed hydra and a basilisk.

Vanquished Creatures
  Gastronok (Lair:1)
  A minotaur (Lab)
  3 hydras
  The ghost of Supreme the Unseen, a journeyman SpEn of Okawaru (Lair:4)
  3 two-headed ogres
  3 death yaks (D:11)
  2 unseen horrors
  An ugly thing (D:11)
  A black mamba (Lair:3)
  6 elephants (Lair:3)
  4 spiny frogs
  A demonic crawler (Lair:2)
  5 komodo dragons
  3 trolls
  3 hornets (D:9)
  A tyrant leech (Lair:3)
  2 polar bears (Lair:4)
  5 hippogriffs
  23 yaks
  Sigmund (D:6)
  4 wyverns
  A hungry ghost (D:7)
  The ghost of simples the Conjurer, an amateur DrCj (D:3)
  A soldier ant (D:9)
  A swamp worm (Lair:3)
  9 water moccasins
  11 porcupines
  2 orc warriors
  2 ice beasts
  A phantom (D:7)
  A necrophage (D:9)
  2 sky beasts
  4 ogres
  2 centaurs
  11 wolves
  3 crocodiles
  3 elf zombies (Ossuary)
  3 big kobolds
  8 bullfrogs
  3 scorpions
  2 wyvern skeletons
  9 killer bees
  10 howler monkeys
  The ghost of pesto the Shooter, a weakling CeAM (D:4)
  3 centaur zombies
  A bullfrog zombie (D:8)
  2 crimson imps
  A quasit (D:11)
  Crazy Yiuf (D:7)
  2 bullfrog skeletons
  A human zombie (Ossuary)
  A jelly (D:10)
  3 hounds
  3 orc priests
  4 orc wizards
  Jessica (D:3)
  A centaur skeleton (D:10)
  2 iguanas
  Ijyb (D:3)
  Terence (D:3)
  5 hell rats (Lair:4)
  16 worker ants
  2 big kobold zombies (Ossuary)
  2 hound skeletons
  3 hound zombies
  4 mummies
  Robin (D:2)
  A worker ant zombie (D:6)
  11 adders
  4 gnolls (D:8)
  A howler monkey skeleton (D:5)
  5 river rats
  A shadow imp (D:6)
  3 oozes
  4 adder zombies (Ossuary)
  An adder skeleton (D:4)
  5 worms
  6 dart slugs
  3 leopard geckos
  27 orcs
  A ball python (D:3)
  4 bats
  7 giant cockroaches
  22 goblins
  10 hobgoblins
  14 jackals
  19 kobolds
  4 quokkas
  6 frilled lizards
  3 gnoll zombies
  2 goblin zombies (Ossuary)
  2 hobgoblin zombies (Ossuary)
  3 jackal zombies (Ossuary)
  3 kobold zombies (Ossuary)
  An orc zombie (Ossuary)
  6 quokka zombies
  12 rats
  3 rat zombies (Ossuary)
  2 fungi (Lair:3)
  2 plants (Lair:3)
424 creatures vanquished.

Vanquished Creatures (others)
  A centaur (D:7)
  A fungus (Lair:4)
  A plant (Lair:2)
3 creatures vanquished.

Grand Total: 427 creatures vanquished

Notes
Turn   | Place    | Note
-------+----------+-------------------------------------------
     0 | D:1      | Kairos the Formicid Fighter began the quest for the Orb.
     0 | D:1      | Reached XP level 1. HP: 18/18 MP: 1/1
    21 | D:1      | Reached XP level 2. HP: 24/24 MP: 2/2
   166 | D:1      | Reached XP level 3. HP: 22/29 MP: 3/3
   894 | D:2      | Reached XP level 4. HP: 36/36 MP: 4/4
   914 | D:2      | Reached skill level 3 in Axes
  1022 | D:2      | Reached skill level 1 in Dodging
  1246 | D:2      | Reached XP level 5. HP: 34/42 MP: 5/5
  1679 | D:3      | Found a hazy altar of Hepliaklqana.
  1714 | D:3      | Noticed simples's ghost (amateur DrCj)
  2389 | D:3      | Noticed Terence
  2395 | D:3      | Noticed Robin
  2395 | D:3      | Killed Terence
  2438 | D:2      | Killed Robin
  3089 | D:3      | Noticed Jessica
  3097 | D:3      | Killed Jessica
  3097 | D:3      | Reached XP level 6. HP: 48/48 MP: 6/6
  3162 | D:3      | Noticed Ijyb
  3182 | D:3      | Killed Ijyb
  3182 | D:3      | Reached skill level 4 in Axes
  3506 | D:3      | Killed simples's ghost
  3506 | D:3      | Reached skill level 5 in Shields
  3506 | D:3      | Reached XP level 7. HP: 30/55 MP: 7/7
  3753 | D:3      | Found a shimmering altar of Xom.
  3753 | D:3      | Found an ornate altar of the Wu Jian Council.
  3918 | D:4      | Noticed pesto's ghost (weakling CeAM)
  3947 | D:4      | Killed pesto's ghost
  4064 | D:4      | Found a basalt altar of Yredelemnul.
  4105 | D:4      | Found a staircase to the Ecumenical Temple.
  4137 | Temple   | Entered the Ecumenical Temple
  4370 | D:4      | Reached skill level 5 in Axes
  4413 | D:5      | Entered Level 5 of the Dungeon
  4724 | D:5      | Reached XP level 8. HP: 49/61 MP: 8/8
  4831 | D:5      | Reached skill level 6 in Axes
  4902 | D:5      | Found a glowing silver altar of Zin.
  4948 | D:5      | Found a glowing golden altar of the Shining One.
  5020 | D:5      | Found an opulent altar of Gozag.
  5041 | D:5      | Reached skill level 5 in Armour
  5195 | D:6      | Found a sand-covered staircase.
  5208 | Ossuary  | Entered an ossuary
  5321 | Ossuary  | Reached skill level 5 in Fighting
  5321 | Ossuary  | Reached skill level 7 in Axes
  5518 | D:6      | Noticed Sigmund
  5526 | D:6      | Killed Sigmund
  5526 | D:6      | Reached XP level 9. HP: 54/68 MP: 9/9
  5585 | D:6      | Found a shadowy altar of Dithmenos.
  5674 | D:6      | Found an iron altar of Okawaru.
  5689 | D:6      | Reached skill level 8 in Axes
  5691 | D:6      | Became a worshipper of Warmaster Okawaru
  6107 | D:7      | Reached skill level 1 in Stealth
  6214 | D:7      | Found a runed door.
  6311 | D:7      | Found a sacrificial altar of Ru.
  6711 | D:7      | Noticed Crazy Yiuf
  6716 | D:7      | Killed Crazy Yiuf
  6736 | D:7      | Identified 2 scrolls of acquirement
  6739 | D:7      | Found the +8 Wrath of Trog {antimagic, *Rage}
  6752 | D:7      | Got a pair of brightly glowing boots
  6758 | D:7      | Identified the +1 pair of boots of Kindness {rElec rC+ Regen+ Int+4} (You acquired it on level 7 of the Dungeon)
  6810 | D:8      | Reached * piety under Okawaru
  6899 | D:8      | Noticed an unseen horror
  6906 | D:8      | Reached skill level 9 in Axes
  6915 | D:8      | Killed an unseen horror
  6915 | D:8      | Reached ** piety under Okawaru
  6915 | D:8      | Reached XP level 10. HP: 77/77 MP: 3/10
  7074 | D:8      | Found a blossoming altar of Fedhas.
  7165 | D:8      | Reached skill level 1 in Invocations
  7482 | D:8      | Reached skill level 10 in Axes
  7632 | D:9      | Reached *** piety under Okawaru
  7675 | D:9      | Found Cuargh's Gadget Boutique.
  7876 | D:9      | Noticed a two-headed ogre
  7881 | D:9      | Killed a two-headed ogre
  7881 | D:9      | Reached **** piety under Okawaru
  7975 | D:9      | Found an ancient bone altar of Kikubaaqudgha.
  7975 | D:9      | Found a white marble altar of Elyvilon.
  8055 | D:9      | Reached XP level 11. HP: 84/84 MP: 4/13
  8236 | D:9      | Reached skill level 11 in Axes
  8268 | D:9      | Found a stormy altar of Qazlal.
  8468 | D:10     | Entered Level 10 of the Dungeon
  8570 | D:10     | Found a staircase to the Orcish Mines.
  8676 | D:10     | Noticed an unseen horror
  8695 | D:10     | Killed an unseen horror
  8695 | D:10     | Reached skill level 5 in Invocations
  9458 | D:11     | Noticed a death yak
  9460 | D:11     | Found a staircase to the Lair.
  9466 | D:11     | Noticed a death yak
  9468 | D:11     | Killed a death yak
  9468 | D:11     | Reached ***** piety under Okawaru
  9473 | D:11     | Noticed a death yak
  9475 | D:11     | Killed a death yak
  9482 | D:11     | Killed a death yak
  9747 | D:11     | Noticed a purple ugly thing
  9754 | D:11     | Killed a purple ugly thing
  9784 | D:11     | Noticed a two-headed ogre
  9795 | D:11     | Killed a two-headed ogre
  9795 | D:11     | Reached skill level 12 in Axes
  9795 | D:11     | Reached XP level 12. HP: 80/92 MP: 5/16
 10310 | D:11     | Noticed a two-headed ogre
 10318 | D:11     | Killed a two-headed ogre
 10675 | Lair:1   | Entered Level 1 of the Lair of Beasts
 10694 | Lair:1   | Found a labyrinth entrance.
 10707 | Lab      | Entered a labyrinth
 11242 | Lab      | Noticed a minotaur
 11255 | Lab      | Killed a minotaur
 11255 | Lab      | Received a gift from Okawaru
 11263 | Lab      | Identified Rehuka's Almanac of Fire and Confrontation
 11279 | Lab      | Identified the Handbook of Augmentations
 11694 | Lair:1   | Reached skill level 1 in Evocations
 11698 | Lair:1   | Reached skill level 10 in Shields
 11818 | Lair:1   | Noticed Gastronok
 11834 | Lair:1   | Killed Gastronok
 12154 | Lair:2   | Reached ****** piety under Okawaru
 12154 | Lair:2   | Received a gift from Okawaru
 12157 | Lair:2   | Got a pair of smoking gloves {god gift}
 12190 | Lair:2   | Identified the +1 pair of gloves of Puofil {rF- rCorr Dex+9} (Okawaru gifted it to you on level 2 of the Lair of Beasts)
 12314 | Lair:2   | Found a hole to the Spider Nest.
 12383 | Lair:2   | Noticed a four-headed hydra
 12398 | Lair:2   | Killed a four-headed hydra
 12398 | Lair:2   | Reached skill level 13 in Axes
 12547 | Lair:2   | Reached XP level 13. HP: 85/101 MP: 6/19
 12551 | Lair:2   | Reached skill level 1 in Staves
 13135 | Lair:3   | Noticed an eight-headed hydra
 13151 | Lair:3   | Killed an eight-headed hydra
 13595 | Lair:3   | Found a staircase to the Swamp.
 13697 | Lair:3   | Reached skill level 10 in Fighting
 14121 | Lair:4   | Noticed Supreme's ghost (journeyman SpEn)
 14153 | Lair:4   | Reached skill level 14 in Axes
 14221 | Lair:4   | Killed Supreme's ghost
 14221 | Lair:4   | Received a gift from Okawaru
 14291 | Lair:4   | Noticed an eight-headed hydra
 14364 | Lair:4   | Killed a ten-headed hydra
 14528 | Lair:4   | Noticed an eight-headed hydra
 14566 | Lair:4   | HP: 5/103 [nine-headed hydra (4)]
 14566 | Lair:4   | Slain by a nine-headed hydra

Skill      XL: |  1  2  3  4  5  6  7  8  9 10 11 12 13 |
---------------+----------------------------------------+-----
Shields        | 4 5 6 7 8 9 10 11 | 11.2
Axes           | 3 4 5 7 9 10 12 13 14 | 14.2
Dodging        | 1 2 3 4 |  4.3
Fighting       | 4 5 6 7 8 9 10 | 10.2
Armour         | 4 5 6 7 8 |  8.5
Stealth        | 1 2 |  2.9
Invocations    | 3 6 8 9 |  9.3
Evocations     | 1 |  1.5
Staves         | 1 |  1.8
Polearms       | |  0.2

Action                   |  1- 3 |  4- 6 |  7- 9 | 10-12 | 13-15 || total
-------------------------+-------+-------+-------+-------+-------++-------
Melee: War axe           |   105 |   215 |   387 |       |       ||   707
       Battleaxe         |       |       |    31 |   342 |   225 ||   598
       Quarterstaff      |       |       |       |    18 |     7 ||    25
       Halberd           |       |       |       |     3 |       ||     3
Invok: Heroism           |       |       |       |     2 |     4 ||     6
 Abil: Dig               |       |       |       |     2 |       ||     2
Evoke: Wand              |       |       |     5 |     2 |     9 ||    16
  Use: Potion            |       |     1 |       |       |       ||     1
       Scroll            |       |       |    14 |     5 |     3 ||    22
 Stab: Sleeping          |       |       |       |       |     3 ||     3
       Distracted        |       |       |       |       |     1 ||     1
  Eat: Chunk             |       |     9 |     6 |     8 |     8 ||    31
       Ration            |       |       |     2 |     3 |       ||     5
Armor: Scale mail        |    25 |    67 |    90 |    94 |    80 ||   356
Dodge: Dodged            |    37 |    52 |    85 |   133 |   100 ||   407
Block: Shield            |    64 |   166 |   278 |   321 |   228 ||  1057
       Reflection        |       |     8 |     7 |    10 |       ||    25
